 Dungeon Crawl Stone Soup version 0.26-a0-264-g3a471323bd (webtiles) character file.

Game seed: 1490957827279667264

456 BritishOli the Slasher (level 6, 48/48 HPs)
             Began as a Demonspawn Fighter on July 11, 2020.
             Was an Initiate of Okawaru.
             Quit the game on level 4 of the Dungeon.
             The game lasted 00:05:34 (4784 turns).

BritishOli the Slasher (Demonspawn Fighter)         Turns: 4784, Time: 00:05:34

Health: 48/48      AC: 11    Str: 18    XL:     6   Next: 77%
Magic:  6/6        EV:  7    Int: 10    God:    Okawaru [......]
Gold:   201        SH: 10    Dex: 12    Spells: 5/5 levels left

rFire    . . .     SeeInvis .   a - +1 long sword
rCold    + . .     Faith    .   c - +1 kite shield
rNeg     . . .     Spirit   .   b - +0 scale mail
rPois    .         Reflect  .   (no helmet)
rElec    .         Harm     .   (no cloak)
rCorr    .                      (no gloves)
MR       .....                  (no boots)
Stlth    ..........             (no amulet)
HPRegen  0.16/turn              (no ring)
MPRegen  0.10/turn              (no ring)

@: no status effects
A: iridescent scales 2, cold resistance 1, demonic guardian 1
a: Renounce Religion


You were on level 4 of the Dungeon.
You worshipped Okawaru.
Okawaru was noncommittal.
You were not hungry.

You visited 2 branches of the dungeon, and saw 5 of its levels.

You collected 201 gold pieces.

Inventory:

Hand Weapons
 a - a +1 long sword (weapon)
Armour
 b - a +0 scale mail (worn)
 c - a +1 kite shield (worn)
Wands
 j - a wand of acid (4)
 l - a wand of flame (20)
Scrolls
 h - 3 scrolls of teleportation
 q - a scroll of fog
 r - a scroll of amnesia {unknown}
Potions
 d - a potion of might
 e - a potion of heal wounds {unknown}
 g - a potion of haste {unknown}
 i - 3 potions of lignification {unknown}
 k - 2 potions of flight {unknown}
 m - a potion of magic {unknown}
 n - a potion of curing {unknown}
 o - a potion of ambrosia {unknown}
 p - 2 potions of mutation {unknown}
 s - a potion of berserk rage {unknown}
 t - a potion of cancellation {unknown}
Comestibles
 f - 12 rations


   Skills:
 + Level 4.2 Fighting
 + Level 4.3 Long Blades
 + Level 3.8 Armour
 + Level 1.1 Dodging
 + Level 0.9 Stealth
 + Level 3.6 Shields
 + Level 0.1 Evocations


You had 5 spell levels left.
You didn't know any spells.
Your spell library contained the following spells:

 Spells                   Type           Power        Failure   Level
 Summon Small Mammal      Summ           #...         99%         1
 Call Imp                 Summ           #.......     100%        2
 Call Canine Familiar     Summ           #.......     100%        3
 Summon Guardian Golem    Hex/Summ       #.......     100%        3
 Summon Ice Beast         Ice/Summ       #.......     100%        4
 Summon Lightning Spire   Summ/Air       #.......     100%        4


Dungeon Overview and Level Annotations

Branches:
Dungeon (4/15)             Temple (1/1) D:4

Altars:
Ashenzari
Cheibriados
Elyvilon
Fedhas
Gozag
Hepliaklqana
Kikubaaqudgha
Makhleb
Nemelex Xobeh
Okawaru
Qazlal
Ru
Sif Muna
Trog
Uskayaw
Vehumet
Wu Jian
Xom
Yredelemnul
Zin
The Shining One


Innate Abilities, Weirdness & Mutations

You are mostly covered in iridescent scales. (AC +4)
Your flesh is cold resistant. (rC+)
A weak demonic guardian rushes to your aid.


Message History

A howler monkey is nearby!
You closely miss the howler monkey.
The howler monkey is almost dead.
You block the howler monkey's attack.
The howler monkey hoots and howls with incredible vigour!
You hear a shout! x2
You hit the howler monkey.
The howler monkey is almost dead.
You block the howler monkey's attack.
A howler monkey is nearby!
You hit the howler monkey.
You kill the howler monkey!
Okawaru accepts your kill.
Key pressed, stopping explore.
No target in view!
Found a stone staircase leading up.
A giant cockroach comes into view.
The giant cockroach moves out of view.
No target in view!
Are you sure you want to abandon this character and quit the game? (Confirm with "yes".)

****,,,* ##.. **,,* ##.>.
#..* #.... #.#* ##..# #.#
#..# #.# #.## ###* #.##
#.# ##..### #..## #.##
*#...@.####...#####.^#
#<..##...........##..#
****#..**##....#####......
*,*#..** ##...## ##....)
**...,* ##...# ####.)
*##*** ##..## #.⌠
*****##..#######..
**,,.#*###.##......
**,,,..#* #.....⌠..>


There were no monsters in sight!

Vanquished Creatures
  Sigmund (D:4)
  A howler monkey (D:4)
  2 orc priests (D:4)
  An orc wizard (D:3)
  A gnoll (D:3)
  4 adders
  5 worms
  3 dart slugs
  3 leopard geckos
  8 orcs (D:3)
  2 ball pythons
  5 bats
  2 giant cockroaches
  6 goblins
  8 hobgoblins
  8 jackals
  A quokka (D:2)
  3 frilled lizards
  9 kobolds
  9 rats
82 creatures vanquished.

Vanquished Creatures (collateral kills)
  An orc priest (D:4)
  2 worker ants (D:4)
  An adder (D:4)
  An orc (D:4)
5 creatures vanquished.

Grand Total: 87 creatures vanquished

Notes
Turn   | Place    | Note
-------+----------+-------------------------------------------
     0 | D:1      | BritishOli the Demonspawn Fighter began the quest for the
                  | Orb.
     0 | D:1      | Reached XP level 1. HP: 18/18 MP: 1/1
   141 | D:1      | Gained mutation: A weak demonic guardian rushes to your
                  | aid. [demonic ancestry]
   141 | D:1      | Reached XP level 2. HP: 24/24 MP: 2/2
  1067 | D:2      | Reached XP level 3. HP: 16/29 MP: 3/3
  2493 | D:3      | Gained mutation: You are partially covered in iridescent
                  | scales. (AC +2) [demonic ancestry]
  2493 | D:3      | Reached XP level 4. HP: 21/35 MP: 4/4
  3356 | D:3      | Gained mutation: You are mostly covered in iridescent
                  | scales. (AC +4) [demonic ancestry]
  3356 | D:3      | Reached XP level 5. HP: 33/41 MP: 5/5
  3672 | D:4      | Found a staircase to the Ecumenical Temple.
  3690 | Temple   | Entered the Ecumenical Temple
  3976 | Temple   | Became a worshipper of Warmaster Okawaru
  4021 | D:3      | HP: 2/42 [poisoned by a worker ant]
  4029 | D:3      | HP: 1/42 [poisoned by a worker ant]
  4404 | D:4      | Noticed Sigmund
  4566 | D:4      | Killed Sigmund
  4566 | D:4      | Reached skill level 1 in Dodging
  4566 | D:4      | Gained mutation: Your flesh is cold resistant. (rC+)
                  | [demonic ancestry]
  4566 | D:4      | Reached XP level 6. HP: 45/48 MP: 6/6
  4590 | D:4      | Found a shimmering altar of Xom.
  4784 | D:4      | Quit the game

Illustrated notes

Levels and vault maps discovered:
D:1:      matt_arrival_grand_opening, layout_basic
D:2:      layout_basic, hangedman_decor_points, minmay_pentomino_q2
D:3:      layout_loops_ring, kennysheep_generic_room_16
D:4:      layout_layer_cave, minmay_temple_entry_junction, first_ration,
          brannock_xom_greatest_gift, uniq_sigmund, uniq_pikel
Temple:   compressed_dpeg_triangle_lava_temple

Skill      XL: |  1  2  3  4  5  6 |
---------------+-------------------+-----
Long Blades    | 2 3 4 |  4.3
Shields        | 3 |  3.6
Armour         | 3 |  3.8
Dodging        | 1 |  1.1
Fighting       | 4 |  4.2
Stealth        | |  0.9
Evocations     | |  0.1

Action                   |  1- 3 |  4- 6 || total
-------------------------+-------+-------++-------
Melee: Long sword        |   151 |   184 ||   335
Evoke: Wand              |       |     2 ||     2
  Use: Scroll            |       |     6 ||     6
 Stab: Distracted        |       |     1 ||     1
  Eat: Ration            |     2 |     2 ||     4
Armor: Scale mail        |    59 |    83 ||   142
Dodge: Dodged            |    48 |    55 ||   103
Block: Kite shield       |    83 |    79 ||   162
       Rpst.: Long sword |    13 |    15 ||    28

Table legend:
 A = Non-vault XP
 B = Vault XP
 C = Vault XP percentage of total XP
 D = Non-vault monster count
 E = Vault monster count
 F = Vault count percentage of total count
                 A         B        C        D         E       F
            +---------+---------+-------+---------+---------+-------
      Total |     419 |     233 |  35.7 |      82 |       5 |   5.7
            +---------+---------+-------+---------+---------+-------
        D:1 |      25 |       0 |   0.0 |      14 |       0 |   0.0
        D:2 |      42 |       4 |   8.7 |      20 |       2 |   9.1
        D:3 |     129 |      20 |  13.4 |      36 |       2 |   5.3
        D:4 |     223 |     209 |  48.4 |      12 |       1 |   7.7
            +---------+---------+-------+---------+---------+-------
